 Dungeon Crawl Stone Soup version 0.31.0-11-ge490571c62 (webtiles) character file.

Game seed: 16202625656320876287

37 qw the Shooter (level 3, -2/18 HPs)
             Began as a Spriggan Hunter on Feb 4, 2024.
             Slain by a hobgoblin (6 damage)
             ... led by Robin
             ... on level 2 of the Dungeon.
             The game lasted 00:00:02 (1004 turns).

qw the Shooter (Spriggan Hunter)                    Turns: 1004, Time: 00:00:03

Health: -2/18      AC:  4    Str:  7    XL:     3   Next: 21%
Magic:  4/4        EV: 19    Int: 10    God:
Gold:   58         SH:  0    Dex: 20    Spells: 2/2 levels left

rFire   . . .        a - +0 shortbow
rCold   . . .        (shield currently unavailable)
rNeg    . . .        c - +0 robe
rPois   .            (helmet restricted)
rElec   .            d - +1 cloak
rCorr   .            (gloves unavailable)
SInv    +            (boots unavailable)
Will    .....        (no amulet)
Stlth   ++           (no ring)
HPRegen 0.23/turn    (no ring)
MPRegen 0.09/turn

%: no passive effects
@: very quick
A: very small, no large weapons, unfitting armour, see invisible, speed 3
a: no special abilities


You were on level 2 of the Dungeon.
You visited 1 branch of the dungeon, and saw 2 of its levels.

You collected 58 gold pieces.


Innate Abilities, Weirdness & Mutations

You are very small and have problems with some larger weapons.
You are too small for most types of armour.
You have supernaturally acute eyesight. (SInv)
You cover ground extremely quickly. (Speed+++)


   Skills:
 - Level 1.5 Fighting
 + Level 4.6 Ranged Weapons
 - Level 4.0 Dodging
 - Level 1.5 Stealth


You had 2 spell levels left.
You didn't know any spells.
Your spell library was empty.

Inventory:

Hand Weapons
 a - a +0 shortbow (weapon)
Armour
 c - a +0 robe (worn)
 d - a +1 cloak (worn)
Potions
 e - a potion of lignification {unknown}
 h - a potion of attraction {unknown}
 i - a potion of enlightenment {unknown}
 j - a potion of mutation {unknown}
 l - a potion of haste {unknown}
 m - a potion of curing {unknown}

Dungeon Overview and Level Annotations

Branches:
Dungeon (2/15)

Altars:

Annotations:
D:2 Robin


Message History

You shoot an arrow. The arrow hits the goblin.
You kill the goblin!
The goblin barely misses you. Robin throws the goblin at you!
You shoot an arrow.
The arrow hits the goblin but does no damage.
The goblin completely misses you. The goblin closely misses you.
The hobgoblin completely misses you.
You shoot an arrow. The arrow closely misses the goblin.
The goblin barely misses you. The goblin closely misses you.
The hobgoblin misses you.
You shoot an arrow. The arrow closely misses the goblin.
The goblin hits you with a +0 club. The goblin hits you with a +0 dagger.
The hobgoblin barely misses you.
You shoot an arrow. The arrow hits the goblin.
You kill the goblin!
The goblin misses you. The hobgoblin misses you. The goblin misses you.
The hobgoblin barely misses you.
You shoot an arrow.
The arrow hits the hobgoblin but does no damage.
The hobgoblin misses you. The goblin hits you with a +0 club.
You shoot an arrow. The arrow hits the hobgoblin!
You kill the hobgoblin!
The goblin hits you with a +0 club.
You shoot an arrow. The arrow barely misses the hobgoblin.
The arrow misses the goblin.
The arrow closely misses Robin.
Robin's horned helmet rattles.
Robin throws the goblin at you! The hobgoblin misses you.
The goblin misses you. The goblin closely misses you.
You shoot an arrow. The arrow hits the goblin.
The goblin is severely wounded.
The hobgoblin closely misses you. The goblin closely misses you.
Robin says, "A pitiful Spriggan like you will never find the ORB!"
The goblin hits you with a +0 club.
You shoot an arrow. The arrow hits the goblin.
You kill the goblin!
Robin throws the goblin at you! The hobgoblin completely misses you.
The goblin completely misses you.
The goblin unwields a +0 sling.
The goblin wields a +0 dagger.
The goblin barely misses you. The hobgoblin hits you.
You die...

#.### #.#
###.####
##......# ###
##..####.#
#... #...# ..
#.... ####.#.#
##
#.....#gg..#.#
#[...gg@####.#
+.....### #.#
#(... #.# ####
..# ##


You could see Robin, a hobgoblin (strong) and 2 goblins.

Vanquished Creatures
  2 bats (D:1)
  2 endoplasms (D:1)
  9 goblins
  6 hobgoblins
  3 jackals (D:1)
  A kobold (D:1)
  2 quokkas (D:1)
  2 ball pythons
  A frilled lizard (D:1)
  5 rats (D:1)
33 creatures vanquished.

Notes
Turn   | Place    | Note
-------+----------+-------------------------------------------
     0 | D:1      | qw the Spriggan Hunter began the quest for the Orb.
     0 | D:1      | Reached XP level 1. HP: 10/10 MP: 2/2
     0 | D:1      | 0 ||| qw: Version: 0.3-a-160-g6735b56
     0 | D:1      | 0 ||| qw: Game counter: 4592
     0 | D:1      | 0 ||| qw: Melee chars always use a shield: true
     0 | D:1      | 0 ||| qw: God list: Okawaru
     0 | D:1      | 0 ||| qw: Allow faded altars: false
     0 | D:1      | 0 ||| qw: Do Orc after clearing Dungeon:15 true
     0 | D:1      | 0 ||| qw: Do second Lair branch before Depths: true
     0 | D:1      | 0 ||| qw: Lair rune preference: random
     0 | D:1      | 0 ||| qw: Goals: Normal
     0 | D:1      | 0 ||| PLANNING D:1-11
    84 | D:1      | Reached skill level 3 in Dodging
   226 | D:1      | Reached XP level 2. HP: 14/14 MP: 3/3
   886 | D:1      | 886 ||| UPGRADING to +0 cloak.
   891 | D:1      | 891 ||| READING 2 scrolls labelled ACVESA EKHLOWN.
   892 | D:1      | 892 ||| READING scroll labelled NAHACOJ PIMIU.
   892 | D:1      | 892 ||| ENCHANTING +0 cloak.
   893 | D:1      | 893 ||| READING scroll labelled GID DYDIKU.
   897 | D:1      | 897 ||| DROPPING scroll of butterflies.
   898 | D:1      | 898 ||| DROPPING scroll of noise.
   944 | D:2      | Reached XP level 3. HP: 18/18 MP: 4/4
   989 | D:2      | Noticed Robin
  1003 | D:2      | HP: 4/18 [goblin/+0 club[Robin] (5)]
  1004 | D:2      | Slain by a hobgoblin

Levels and vault maps discovered:
D:1:      wander_arrival_fairy_ring, layout_basic, serial_park_tiny_1
D:2:      layout_basic, serial_shops, shop, uniq_robin

Skill      XL: |  1  2 |
---------------+-------+-----
Dodging        | 3 4 |  4.0
Fighting       | |  1.5
Ranged Weapons | |  4.6
Stealth        | |  1.5

Action                     || total
---------------------------++-------
   Fire: Shortbow          ||    64
    Use: Scroll            ||     3
 Armour: Robe              ||    10
  Dodge: Dodged            ||    37

Table legend:
 A = Non-vault XP
 B = Vault XP
 C = Vault XP percentage of total XP
 D = Non-vault monster count
 E = Vault monster count
 F = Vault count percentage of total count
                 A         B        C        D         E       F
            +---------+---------+-------+---------+---------+-------
      Total |      41 |      14 |  25.5 |      26 |       7 |  21.2
            +---------+---------+-------+---------+---------+-------
        D:1 |      40 |       0 |   0.0 |      25 |       0 |   0.0
        D:2 |       1 |      14 |  93.3 |       1 |       7 |  87.5
            +---------+---------+-------+---------+---------+-------
